 Dungeon Crawl Stone Soup version bcrawl-1.15.1 (webtiles) character file.

Game seed: 8342424099449498454

192328 MisterOstroum the Lord of Darkness (level 18, -20/143 HPs)
             Began as a Fairy Necromancer on Sept 28, 2019.
             Was the Champion of Kikubaaqudgha.
             Killed from afar by a guardian serpent (22 damage)
             ... with a bolt of poison
             ... on level 3 of the Snake Pit on Oct 1, 2019.
             The game lasted 02:04:44 (38292 turns).

MisterOstroum the Lord of Darkness (FrNe)          Turns: 38292, Time: 02:04:44

Health: -20/143    AC: 15    Str:  6    XL:     18   Next: 23%
Magic:  20/37      EV: 24    Int: 37    God:    Kikubaaqudgha [******]
Gold:   2335       SH: 14    Dex:  9    Spells: 3/43 levels left

rFire    + . .     SeeInvis +   G - +6 spear
rCold    x . .     Gourm    .   R - +0 buckler
rNeg     . . .     Faith    .   (armour unavailable)
rPois    .         Spirit   .   U - +2 helmet
rElec    .         Reflect  .   F - +0 cloak of Satisfaction {Int+7 Dex-4 SInv}
rCorr    .         Harm     .   (no gloves)
MR       ++...                  K - +1 pair of boots
Stlth    ..........             N - amulet of Vitality {Regen+ HP+15}
HPRegen  0.73/turn              o - ring of fire
MPRegen  0.25/turn              Y - ring of Mealeah {MR+ Int+3 Slay+5 SInv}

@: lethally poisoned (-20 -> -66), flying evasively
A: small, magic attunement, unstealthy, unfitting armour, able to fly, AC/SH +9
}: 1/15 runes: decaying
a: Stop Flying, Receive Corpses, Torment, Renounce Religion


You were on level 3 of the Snake Pit.
You worshipped Kikubaaqudgha.
Kikubaaqudgha was exalted by your worship.
You were not hungry.

You visited 6 branches of the dungeon, and saw 26 of its levels.
You also visited: Ice Cave.

You collected 2696 gold pieces.
You spent 361 gold pieces at shops.

Inventory:

Hand Weapons
 G - a +6 spear (weapon)
 P - a +1 trident of protection
Missiles
 g - 1172 tomahawks
 l - 5253 stones (quivered)
 D - 1047 sling bullets
Armour
 F - the +0 cloak of Satisfaction (worn) {Int+7 Dex-4 SInv}
   (You bought it in a shop in the Orcish Mines)

   It affects your intelligence (+7).
   It affects your dexterity (-4).
   It lets you see invisible.
 K - a +1 pair of boots (worn)
 R - a +0 buckler (worn)
 U - a +2 helmet (worn)
Jewellery
 o - a ring of fire (left hand)
 y - the ring "Beopsaap" {rC+ rCorr Stlth+}
   (You found it on level 11 of the Dungeon)

   [ring of resist corrosion]

   It protects you from cold.
   It provides partial protection from all sources of acid and corrosion.
   It makes you more stealthy.
 N - the amulet of Vitality (around neck) {Regen+ HP+15}
   (You found it on level 1 of the Snake Pit)

   [amulet of regeneration]

   It affects your health (+15).
   It increases your rate of regeneration.
 V - an uncursed ring of poison resistance
 X - an uncursed ring of insulation
 Y - the ring of Mealeah (right hand) {MR+ Int+3 Slay+5 SInv}
   (You found it on level 11 of the Dungeon)

   [ring of intelligence]

   It affects your intelligence (+3).
   It affects your accuracy and damage with ranged weapons and melee attacks
   (+5).
   It affects your resistance to hostile enchantments.
   It lets you see invisible.
Wands
 b - a wand of acid (15)
 t - a wand of digging (10)
 x - a wand of paralysis (25)
 H - a wand of flame (17)
 I - a wand of iceblast (28)
 L - a wand of enslavement (6)
 M - a wand of disintegration (32)
 Z - a wand of random effects (21)
Scrolls
 a - 2 scrolls of silence
 c - 5 scrolls of blinking {@r4}
 d - 2 scrolls of noise
 f - 4 scrolls of teleportation {@r3 !r}
 i - a scroll of enchant armour
 j - 11 scrolls of remove curse {@r2}
 q - 3 scrolls of immolation
 s - a scroll of fog {!r}
 u - 3 scrolls of magic mapping {@r5 !r}
 B - 2 scrolls of fear {!r}
 E - 5 scrolls of amnesia
 O - 2 scrolls of vulnerability
 W - a scroll of torment
Potions
 h - 2 potions of flight
 k - 12 potions of curing {@q1 !q}
 m - 2 potions of ambrosia
 n - 2 potions of invisibility
 p - 3 potions of mutation
 r - 3 potions of resistance
 v - a potion of haste {@q4 !q}
 w - a potion of cancellation
 z - 3 potions of lignification {@q6}
 A - 6 potions of agility {@q5 !q}
 C - a potion of magic
 J - 2 potions of heal wounds
 Q - 2 potions of berserk rage
 S - 2 potions of brilliance
Miscellaneous
 T - a lightning rod (4/4)
Comestibles
 e - 43 rations {!d}


   Skills:
 + Level 13.1 Fighting
 - Level 2.0 Polearms
 + Level 15.4 Dodging
 - Level 1.5 Stealth
 + Level 5.7 Shields
 + Level 13.0 Spellcasting
 * Level 14.0 Conjurations
 - Level 5.0 Charms
 - Level 9.0 Summonings
 * Level 17.4 Necromancy
 - Level 8.0 Ice Magic
 - Level 5.9 Evocations


You had 3 spell levels left.
You knew the following spells:

 Your Spells              Type           Power        Failure   Level  Hunger
a - Pain                  Necr           ####         0%          1    None
b - Bolt of Draining      Conj/Necr      #######...   1%          5    None
c - Vampiric Draining     Necr           ########..   0%          3    None
d - Simulacrum            Ice/Necr       #######...   1%          6    None
e - Mephitic Cloud        Conj/Pois/Air  ######..     1%          3    None
f - Bolt of Cold          Conj/Ice       #######...   2%          6    None
g - Dispel Undead         Necr           ########     1%          5    None
h - Summon Ice Beast      Ice/Summ       ######..     1%          4    None
B - Blink                 Tloc           N/A          2%          2    None
H - Regeneration          Chrm/Necr      #######...   1%          3    None
M - Sublimation of Blood  Necr           ########..   0%          2    None

Your spell library contained the following spells:

 Spells                   Type           Power        Failure   Level  Hunger
 Animate Skeleton         Necr           N/A          0%          1    None
 Magic Dart               Conj           ####         0%          1    None
 Corpse Rot               Necr           N/A          0%          2    None
 Corona                   Hex            ###....      1%          1    None
 Freeze                   Ice            ######       1%          1    None
 Slow                     Hex            ###.....     1%          1    None
 Sting                    Conj/Pois      ####         1%          1    None
 Call Imp                 Summ           ######..     1%          2    None
 Ensorcelled Hibernation  Hex/Ice        ######       1%          2    None
 Conjure Flame            Conj/Fire      #######.     1%          3    None
 Dazzling Spray           Conj/Hex       ######       1%          3    None
 False Image              Hex/Summ       ######..     1%          3    None
 Poisonous Vapours        Pois/Air       ###...       2%          2    None
 Shackle                  Hex            ###.....     2%          2    None
 Confuse                  Hex            ###.....     4%          3    None
 Ignite Poison            Fire/Tmut/Pois #####...     4%          3    None
 Inner Flame              Hex/Fire       N/A          4%          3    None
 Tukima's Dance           Hex            ###.....     4%          3    None
 Animate Dead             Necr           N/A          0%          4    None
 Throw Icicle             Conj/Ice       #######.     1%          4    None
 Agony                    Necr           ########     1%          5    None
 Iskenderun's Battlesphe  Conj/Chrm      #######.     1%          5    None
 Death Channel            Necr           ########..   1%          6    None
 Summon Scorpions         Summ/Pois      ######..     2%          4    None
 Venom Bolt               Conj/Pois      ######....   2%          5    None
 Ice Form                 Ice/Tmut       ######..     3%          4    None
 Orb of Destruction       Conj           #######...   4%          7    None
 Haunt                    Necr/Summ      #######...   6%          7    None
 Metabolic Englaciation   Hex/Ice        ######....   9%          5    None
 Ozocubu's Refrigeration  Ice            ######....   9%          6    None
 Borgnjor's Revivificati  Necr           ########..   9%          8    None
 Spellforged Servitor     Conj/Summ      #######...   12%         7    None
 Iron Shot                Conj/Erth      ######....   14%         6    None
 Poison Arrow             Conj/Pois      ######....   14%         6    None
 Cause Fear               Hex            ###.......   16%         4    None
 Olgreb's Toxic Radiance  Pois           ###.....     16%         4    None
 Yara's Violent Unravell  Hex/Tmut       ###.......   16%         4    None
 Freezing Cloud           Ice/Air        ######....   43%         6    None
 Steam Barrier            Chrm/Fire      ######....   65%         6    None
 Necromutation            Tmut/Necr      ######..     96%         8    None


Dungeon Overview and Level Annotations

Branches:
Dungeon (12/12)            Temple (1/1) D:4            Lair (6/6) D:8
  Swamp (3/3) Lair:4        Snake (3/3) Lair:2        Slime (0/5) Lair:6
    Orc (1/1) D:9             Elf (0/3) Orc          Vaults (0/3) D:11
 Depths: D:12

Altars:
Ashenzari
Cheibriados
Dithmenos
Elyvilon
Fedhas
Gozag
Hepliaklqana
Kikubaaqudgha
Lugonu
Makhleb
Nemelex Xobeh
Okawaru
Qazlal
Ru
Sif Muna
Trog
Uskayaw
Vehumet
Wu Jian
Xom
Yredelemnul
Zin
The Shining One
Beogh
Jiyva

Shops:
D:5 }   D:9 (   D:11 =   Orc ??(*[

Annotations:
Snake:3 exclusion: door


Innate Abilities, Weirdness & Mutations

Your spells do not cause hunger and MP costs are reduced by 1.
Your bright wings attract enemies. (Stealth-)
You cannot fit into any form of body armour.
Your shimmering scales are hard and can block incoming attacks. (AC +9, SH +9)
You are small and have problems with some larger weapons.
You can fly continuously.


Message History

Your naga simulacrum constricts the naga but does no damage.
The naga mage spits poison at you. The splash of poison hits you!
You are more poisoned.
The nagaraja points at you and mumbles some strange words.
The poison arrow hits you!
You are more poisoned.
The naga hits you but does no damage. The naga misses you.
Casting: Bolt of Draining (safe; 1% risk of failure)
Confirm with . or Enter, or press ? or * to list all spells.
You draw magical energy from your own body!
The nagaraja shouts!
You feel sick. The naga mage closely misses you. x2
The naga mage spits poison at you. The splash of poison misses you.
The splash of poison hits your naga simulacrum.
Your naga simulacrum completely resists.
The guardian serpent hits your naga simulacrum!
Your naga simulacrum vapourises!
The nagaraja gestures at you while chanting.
You block the poison arrow. The naga misses you. The naga barely misses you.
The naga mage completely misses you. You block the naga mage's attack.
Casting: Sublimation of Blood (safe; 0% risk of failure)
Confirm with . or Enter, or press ? or * to list all spells.
You blink.
You feel very sick.
The naga mage looks more healthy.
Your naga simulacrum hits the nagaraja but does no damage.
Your naga simulacrum barely misses the nagaraja.
Casting: Blink (safe; 2% risk of failure)
Confirm with . or Enter, or press ? or * to list all spells.
You blink.
You feel sick.
The naga hits your naga simulacrum with a +0 trident.
The naga grabs your naga simulacrum.
The naga constricts your naga simulacrum.
The nagaraja casts a spell.
The nagaraja seems to speed up.
The naga mage points at you and mumbles some strange words.
The orb of energy misses you.
The nagaraja points at you and mumbles some strange words.
The fireball explodes!
The fireball engulfs you! You resist.
You hear a shout!
Put on which piece of jewellery? (? for menu, Esc to quit)
Okay, then.
Unknown command.
Unknown command.
Unknown command.
Okay, then.
Really read
s - 2 scrolls of fog {!r}?
As you read the scroll of fog {!r}, it crumbles to dust.
The scroll dissolves into smoke.
You feel sick.
The guardian serpent coils itself and performs some mystic snake dance.
The naga blinks!
The naga loses its grip on your naga simulacrum.
The naga mage blinks!
The nagaraja blinks!
The naga mage blinks!
The nagaraja blinks!
You block the naga's attack. The naga grabs you. The naga constricts you.
You block the naga mage's attack. x2
The nagaraja spits poison at you. The splash of poison misses you.
You hit the nagaraja.
The nagaraja is lightly wounded.
You feel sick.
The nagaraja hits you but does no damage.
The naga closely misses you.
* * * LOW HITPOINT WARNING * * *
The naga constricts you. The naga mage barely misses you.
You block the naga mage's attack.
The nagaraja hits you but does no damage.
Your naga simulacrum hits the naga but does no damage.
Your naga simulacrum misses the naga.
The nagaraja gestures at you while chanting.
The poison arrow hits you!
You are more poisoned.
* * * LOW HITPOINT WARNING * * *
Unknown command.
Unknown command.
Casting: Blink (safe; 2% risk of failure)
Confirm with . or Enter, or press ? or * to list all spells.
You escape the naga's grasp.
You blink.
* * * LOW HITPOINT WARNING * * *
You feel very sick.
The guardian serpent coils itself and waves its upper body at you.
The bolt of poison hits your naga simulacrum.
Your naga simulacrum completely resists.
The bolt of poison misses you. The naga mage casts a spell at you.
The bolt of poison hits you!
You are more poisoned.
* * * LOW HITPOINT WARNING * * *
The naga misses you.
The guardian serpent hits your naga simulacrum!
Your naga simulacrum vapourises!
Okay, then.
* * * LOW HITPOINT WARNING * * *
You feel very sick.
The guardian serpent casts a spell at you.
The bolt of poison hits you!
You are more poisoned.
You die...
Kikubaaqudgha rasps: "You have failed me!
Welcome... death!"

....#.............# #S(
..⌠.#?......####### ##N#
..†.###.....# **####.NS
⌠...##..(...# *###.#..N.<.
...[####....#
####...........
##....###...#
###§§§...........
##.....#.###
###§§§§N§.......#.#
##).⌠.'.#
#.§§§NN§§....###... ###..###
#.@§§N§N§..##.....( #)##
#....§S§§##........ #.#
####.....[§#..........
#.#####[........#.......####
#..))[[)[).[.............<..
#
######)#........#......)....
## #)##.......#...........
.### #.###.......#..........
..[## #.#
#.......#.[........


You could see a guardian serpent.

Vanquished Creatures
  Mara (Swamp:3)
  Bai Suzhen (Swamp:3)
  10 nagarajas
  A frost giant (IceCv)
  2 ice dragons (Swamp:3)
  9 hydras
  A vault guard (D:11)
  5 naga warriors
  2 centaur warriors (D:11)
  7 anacondas
  12 alligators
  5 two-headed ogres
  8 naga sharpshooters
  5 death yaks
  Sonja (D:11)
  3 shock serpents
  Nergalle (Lair:2)
  3 salamander mystics
  2 unseen horrors (D:11)
  A spriggan druid (Swamp:1)
  2 swamp dragons
  Pikel (D:7)
  7 naga ritualists
  2 wolf spider zombies
  10 orc knights (Orc)
  2 cyclopes
  8 mana vipers
  19 elephants
  A wolf spider (D:10)
  7 ugly things
  7 salamanders
  Maurice (D:8)
  11 guardian serpents
  21 black mambas
  19 naga magi
  A centaur zombie (D:10)
  8 cane toads
  A rime drake (Lair:6)
  2 kobold demonologists
  8 komodo dragons
  2 freezing wraiths (Swamp:3)
  A tengu conjurer (D:11)
  A troll (shapeshifter) (D:10)
  5 trolls
  2 tyrant leeches
  9 hornets
  18 polar bears
  A meliai (shapeshifter) (D:12)
  Prince Ribbit (Lair:1)
  8 hippogriffs
  A bog body (Swamp:2)
  10 blink frogs
  12 slime creatures
  15 spriggans
  A vampire (D:11)
  35 yaks
  2 basilisks
  8 fire bats (Lair:4)
  A fire elemental (Lair:4)
  A human (D:7)
  2 wyverns
  3 hogs (D:7)
  Eustachio (D:4)
  3 steam dragons
  A golden eye (shapeshifter) (D:11)
  4 vampire mosquitoes
  2 hungry ghosts
  A swamp worm simulacrum (Swamp:3)
  6 wargs
  40 nagas
  13 swamp worms
  4 insubstantial wisps (Swamp:2)
  10 water moccasins
  9 hydra simulacra (Swamp:3)
  9 porcupines
  5 swamp drakes
  29 orc warriors
  A slave (D:7)
  2 sky beasts
  12 ice beasts
  A necrophage (D:6)
  4 black bears
  4 phantoms
  4 ogres
  3 boggarts (Lair:6)
  3 eyes of draining
  45 wolves
  6 centaurs
  A big kobold (D:11)
  11 crocodiles
  Blork the orc (D:4)
  16 bullfrogs
  A water moccasin zombie (D:6)
  8 killer bees
  4 scorpions
  8 wights
  6 howler monkeys
  2 crimson imps
  A quasit (D:10)
  4 hounds
  4 jellies
  19 orc wizards
  8 orc priests
  3 centaur skeletons
  3 iguanas
  5 worker ants
  2 hound zombies
  11 adders
  4 gnolls (D:10)
  3 shadow imps
  An ooze (D:2)
  2 swamp drake simulacra (Swamp:3)
  2 adder skeletons
  An adder zombie (D:7)
  5 dart slugs
  4 leopard geckos
  74 orcs
  A ball python (D:3)
  2 giant cockroaches
  6 goblins
  12 hobgoblins
  3 jackals (D:6)
  9 kobolds
  2 quokkas
  9 bats
  4 frilled lizards
  2 rats (D:2)
843 creatures vanquished.

Vanquished Creatures (collateral kills)
  The ghost of Hubris the Fighter, a journeyman DsWz of Vehumet (Snake:1)
  A nagaraja (Snake:1)
  An azure jelly (Swamp:3)
  An orc warlord (Orc)
  Aizul (Swamp:1)
  2 hydras (Swamp:2)
  2 ghost crabs
  3 shambling mangroves (Swamp:1)
  An anaconda (Snake:1)
  A death yak (Lair:4)
  An alligator (Swamp:1)
  A shock serpent (Snake:2)
  A swamp dragon (Swamp:3)
  3 mana vipers (Snake:1)
  4 slime creatures
  2 black mambas
  An ice statue (IceCv)
  A naga mage (Snake:3)
  3 cane toads
  A rime drake (Lair:1)
  2 freezing wraiths (Swamp:3)
  2 tyrant leeches
  3 blink frogs
  3 bog bodies
  10 hornets
  5 spriggans
  2 yaks (D:10)
  12 vampire mosquitoes
  A hungry ghost (D:10)
  A swamp worm simulacrum (Swamp:3)
  A swamp worm (Swamp:3)
  2 wargs (Orc)
  4 hydra simulacra (Swamp:3)
  A porcupine (Lair:2)
  A water moccasin (Lair:1)
  A swamp drake (Swamp:2)
  An orc warrior (Orc)
  2 black bears (Lair:6)
  A hornet zombie (D:8)
  A boggart (Lair:6)
  4 wolves (Lair:6)
  5 crocodiles
  3 bullfrogs
  5 wights (D:5)
  A crimson imp (D:3)
  An orc wizard (D:6)
  2 adders
  4 swamp drake simulacra (Swamp:3)
  6 orcs
  2 fungi
  A plant (Lair:1)
122 creatures vanquished.

Vanquished Creatures (others)
  An azure jelly (Swamp:3)
  A cane toad (Swamp:3)
  A polar bear (IceCv)
  2 slime creatures (Swamp:3)
  A bog body (Swamp:3)
  A blink frog (Lair:6)
  A slave (D:7)
  3 wolves (IceCv)
  A hound (D:7)
  An orc wizard (D:7)
  2 fungi
15 creatures vanquished.

Grand Total: 980 creatures vanquished

Notes
Turn   | Place    | Note
-------+----------+-------------------------------------------
     0 | D:1      | MisterOstroum the Fairy Necromancer began the quest for the
                  | Orb.
     0 | D:1      | Reached XP level 1. HP: 11/11 MP: 6/6
   367 | D:1      | Reached XP level 2. HP: 14/18 MP: 7/7
   507 | D:1      | Learned a level 1 spell: Animate Skeleton
   700 | D:1      | Reached skill level 1 in Fighting
   706 | D:1      | Reached skill level 5 in Necromancy
  1021 | D:1      | Reached XP level 3. HP: 23/23 MP: 9/9
  1258 | D:2      | Learned a level 3 spell: Vampiric Draining
  1308 | D:2      | Found a glowing golden altar of the Shining One.
  1802 | D:2      | Reached XP level 4. HP: 27/28 MP: 10/10
  2252 | D:3      | Reached skill level 6 in Necromancy
  2254 | D:3      | Reached XP level 5. HP: 17/34 MP: 4/11
  2491 | D:3      | Learned a level 4 spell: Animate Dead
  2598 | D:3      | Reached XP level 6. HP: 37/42 MP: 12/12
  2697 | D:3      | Reached skill level 1 in Evocations
  3092 | D:4      | Reached skill level 7 in Necromancy
  3152 | D:4      | Found a staircase to the Ecumenical Temple.
  3152 | D:4      | Noticed Eustachio
  3173 | D:4      | Killed Eustachio
  3173 | D:4      | Reached XP level 7. HP: 29/47 MP: 6/13
  3183 | Temple   | Entered the Ecumenical Temple
  3440 | Temple   | Became a worshipper of Kikubaaqudgha
  3823 | D:4      | Noticed Blork the orc
  3835 | D:4      | Killed Blork the orc
  3926 | D:4      | Found a shimmering blue altar of Sif Muna.
  3926 | D:4      | Found a basalt altar of Yredelemnul.
  4439 | D:5      | Entered Level 5 of the Dungeon
  4481 | D:5      | Reached skill level 8 in Necromancy
  4481 | D:5      | Reached XP level 8. HP: 52/54 MP: 14/14
  4569 | D:5      | Reached skill level 5 in Fighting
  4615 | D:5      | Found Xoigg's Gadget Boutique.
  4892 | D:5      | Reached skill level 9 in Necromancy
  4969 | D:5      | Reached * piety under Kikubaaqudgha
  4969 | D:5      | Identified Kikubaaqudgha's Reference Book on Black Arts
                  | (Kikubaaqudgha gifted it to you on level 5 of the Dungeon)
  4969 | D:5      | Received a gift from Kikubaaqudgha
  5672 | D:6      | Learned a level 5 spell: Bolt of Draining
  5916 | D:6      | Reached skill level 1 in Polearms
  5985 | D:6      | Reached skill level 5 in Spellcasting
  5985 | D:6      | Reached XP level 9. HP: 61/61 MP: 18/18
  6868 | D:7      | Reached ** piety under Kikubaaqudgha
  6886 | D:7      | Reached skill level 5 in Dodging
  6886 | D:7      | Reached skill level 1 in Conjurations
  6886 | D:7      | Reached skill level 10 in Necromancy
  6976 | D:7      | Noticed a cyclops
  7008 | D:7      | Killed a cyclops
  7008 | D:7      | Reached skill level 5 in Conjurations
  7270 | D:7      | Noticed Pikel
  7274 | D:7      | Killed Pikel
  7274 | D:7      | Reached XP level 10. HP: 64/66 MP: 4/21
  7533 | D:7      | Reached skill level 10 in Conjurations
  8242 | D:8      | Noticed Maurice
  8600 | D:8      | Found a shadowy altar of Dithmenos.
  8773 | D:8      | Killed Maurice
  8921 | D:8      | Found a staircase to the Lair.
  8947 | D:8      | Found a glowing silver altar of Zin.
  9402 | D:9      | Found a staircase to the Orcish Mines.
  9439 | D:9      | Found Duisecvu's Weapon Boutique.
  9446 | D:9      | Reached *** piety under Kikubaaqudgha
  9446 | D:9      | Identified Kikubaaqudgha's Grimoire of Unholy Rites
                  | (Kikubaaqudgha gifted it to you on level 9 of the Dungeon)
  9446 | D:9      | Received a gift from Kikubaaqudgha
  9463 | D:9      | Noticed a two-headed ogre
  9503 | D:8      | Reached XP level 11. HP: 61/72 MP: 4/22
  9574 | D:8      | Learned a level 3 spell: Regeneration
  9580 | D:8      | Learned a level 5 spell: Dispel Undead
  9599 | D:8      | Killed a two-headed ogre
  9599 | D:8      | Reached skill level 11 in Necromancy
 10324 | D:9      | Noticed a two-headed ogre
 10338 | D:9      | Killed a two-headed ogre
 10475 | D:9      | Found a corrupted altar of Lugonu.
 10666 | D:10     | Entered Level 10 of the Dungeon
 10760 | D:10     | Noticed a wolf spider
 10763 | D:10     | Killed a wolf spider
 10831 | D:10     | Noticed a cyclops
 10841 | D:10     | Killed a cyclops
 11297 | D:10     | Reached **** piety under Kikubaaqudgha
 11378 | D:10     | Reached skill level 12 in Necromancy
 11828 | D:10     | Reached XP level 12. HP: 50/81 MP: 3/23
 12341 | Lair:1   | Entered Level 1 of the Lair of Beasts
 12639 | Lair:1   | Noticed Prince Ribbit
 12643 | Lair:1   | Killed Prince Ribbit
 13002 | Lair:1   | Reached skill level 10 in Dodging
 13943 | Lair:2   | Reached skill level 1 in Shields
 13969 | Lair:2   | Noticed an eight-headed hydra
 13976 | Lair:2   | Killed an eight-headed hydra
 14279 | Lair:2   | Noticed Nergalle
 14282 | Lair:2   | Killed Nergalle
 14378 | Lair:2   | Found a staircase to the Snake Pit.
 14650 | Lair:2   | Learned a level 2 spell: Sublimation of Blood
 14973 | Lair:3   | Reached skill level 13 in Necromancy
 15579 | Lair:3   | Reached XP level 13. HP: 65/90 MP: 1/24
 15586 | Lair:3   | Reached skill level 5 in Shields
 17287 | Lair:4   | Reached skill level 14 in Necromancy
 17408 | Lair:4   | Found a staircase to the Swamp.
 17950 | Lair:4   | Reached skill level 10 in Fighting
 18230 | Lair:5   | Reached ***** piety under Kikubaaqudgha
 18680 | Lair:5   | Found a sacrificial altar of Ru.
 18836 | Lair:5   | Reached skill level 15 in Necromancy
 18843 | Lair:5   | Reached XP level 14. HP: 77/99 MP: 7/25
 19433 | Lair:6   | Entered Level 6 of the Lair of Beasts
 20455 | Lair:6   | Reached skill level 5 in Evocations
 21171 | Lair:6   | Found a viscous altar of Jiyva.
 21171 | Lair:6   | Found a staircase to the Slime Pits.
 22148 | D:11     | Found a frozen archway.
 22253 | IceCv    | Entered an ice cave
 22466 | IceCv    | Found the +8 demon blade "Leech" {vamp, rN+ AC-3 EV-3}
 22881 | IceCv    | Reached ****** piety under Kikubaaqudgha
 23293 | IceCv    | Noticed a frost giant
 23335 | IceCv    | Killed a frost giant
 23506 | IceCv    | Identified the Papyrus of the Frostbite
 23762 | D:11     | Found Vabbaneh's Jewellery Shoppe.
 24276 | D:11     | Noticed Sonja
 24278 | D:11     | Reached XP level 15. HP: 105/105 MP: 7/30
 24280 | D:11     | Killed Sonja
 24468 | D:11     | Reached skill level 10 in Spellcasting
 24855 | D:11     | Found a gate to the Vaults.
 25219 | D:11     | Got a steaming turquoise ring
 25222 | D:11     | Identified the ring of Mealeah {MR+ Int+3 Slay+5 SInv} (You
                  | found it on level 11 of the Dungeon)
 25230 | D:11     | Got an ancient copper ring
 25232 | D:11     | Identified the ring "Beopsaap" {rC+ rCorr Stlth+} (You
                  | found it on level 11 of the Dungeon)
 25765 | D:12     | Entered Level 12 of the Dungeon
 25929 | Orc      | Entered the Orcish Mines
 25930 | Orc      | Noticed an orc warlord
 25952 | Orc      | Killed an orc warlord
 26267 | Orc      | Found Sesesaag's Armour Shop.
 26268 | Orc      | Found a staircase to the Elven Halls.
 26272 | Orc      | Bought the +0 cloak of Satisfaction {Int+7 Dex-4 SInv} for
                  | 264 gold pieces
 26506 | Orc      | Found Ifruumod's General Store.
 26506 | Orc      | Found Koash's Antique Weapon Emporium.
 26773 | D:9      | Learned a level 3 spell: Mephitic Cloud
 26780 | D:9      | Learned a level 6 spell: Simulacrum
 26786 | Orc      | Reached skill level 1 in Ice Magic
 27458 | Orc      | Reached skill level 5 in Ice Magic
 27470 | Orc      | Found Fup Uliro's Magic Scroll Shop.
 27470 | Orc      | Found Feodiwaw's Magic Scroll Emporium.
 27477 | Orc      | Bought a scroll of enchant armour for 97 gold pieces
 27570 | Orc      | Found a roughly hewn altar of Beogh.
 27998 | Snake:1  | Entered Level 1 of the Snake Pit
 28173 | Snake:1  | Found a runed translucent gate.
 28173 | Snake:1  | Found a runed translucent gate.
 28173 | Snake:1  | Found a runed translucent gate.
 28174 | Snake:1  | Noticed a nagaraja
 28176 | Snake:1  | Noticed Hubris's ghost (journeyman DsWz)
 28180 | Snake:1  | Found the amulet of Vitality {Regen+ HP+15}
 29071 | Snake:1  | Found a sparkling altar of Nemelex Xobeh.
 29293 | Snake:1  | Reached skill level 16 in Necromancy
 29731 | Snake:1  | Killed a nagaraja
 29740 | Snake:1  | Killed Hubris's ghost
 30057 | Snake:2  | Reached XP level 16. HP: 112/112 MP: 14/33
 30438 | Snake:2  | Noticed a nagaraja
 30441 | Snake:2  | Killed a nagaraja
 30441 | Snake:2  | Reached skill level 1 in Charms
 31058 | Snake:2  | Noticed a nagaraja
 31063 | Snake:2  | Killed a nagaraja
 31300 | Snake:2  | Reached skill level 5 in Charms
 31867 | Snake:3  | Entered Level 3 of the Snake Pit
 31867 | Snake:3  | Noticed a nagaraja
 31867 | Snake:3  | Noticed a nagaraja
 32168 | Swamp:1  | Entered Level 1 of the Swamp
 32324 | Swamp:1  | Learned a level 4 spell: Throw Icicle
 32333 | Swamp:1  | Learned a level 6 spell: Bolt of Cold
 32499 | Swamp:1  | Noticed Aizul
 32505 | Swamp:1  | Killed Aizul
 33057 | Swamp:1  | Learned a level 2 spell: Blink
 33546 | Swamp:2  | Received a gift from Kikubaaqudgha
 33758 | Swamp:2  | Reached XP level 17. HP: 119/119 MP: 19/36
 33769 | Swamp:2  | Learned a level 4 spell: Summon Ice Beast
 33835 | Swamp:2  | Reached skill level 1 in Summonings
 33912 | Swamp:2  | Identified the +8 chain mail of Exclusion {Dex+8 Stlth-}
 34504 | Swamp:3  | Entered Level 3 of the Swamp
 34504 | Swamp:3  | Noticed Mara
 34506 | Swamp:3  | Noticed MisterOstroum's illusion
 34521 | Swamp:3  | Noticed MisterOstroum's illusion
 34528 | Swamp:3  | Killed Mara
 35014 | Swamp:3  | Noticed Bai Suzhen
 35021 | Swamp:3  | Killed Bai Suzhen
 35021 | Swamp:3  | Reached skill level 5 in Summonings
 35854 | Swamp:3  | Reached skill level 17 in Necromancy
 36154 | Swamp:3  | Got a decaying rune of Zot
 37456 | Snake:3  | Reached skill level 15 in Dodging
 37794 | Snake:3  | Reached XP level 18. HP: 77/127 MP: 5/37
 37961 | Snake:3  | HP: 6/143 [nagaraja/fireball (22)]
 38291 | Snake:3  | HP: 5/143 [naga mage/bolt of poison (12)]
 38292 | Snake:3  | HP: 2/143 [poisoned by a naga mage (bolt of poison)]
 38292 | Snake:3  | Killed from afar by a guardian serpent

Skill      XL: |  1  2  3  4  5  6  7  8  9 10 11 12 13 14 15 16 17 18 |
---------------+-------------------------------------------------------+-----
Fighting       | 1 2 3 4 5 7 8 10 11 12 13 | 13.1
Necromancy     | 5 6 7 8 9 10 12 13 15 16 17 | 17.4
Evocations     | 2 3 5 |  5.9
Spellcasting   | 5 6 9 11 13 | 13.0
Dodging        | 3 5 9 10 11 12 13 15 | 15.4
Polearms       | 1 2 |  2.0
Conjurations   | 8 11 12 14 | 14.0
Shields        | 4 5 |  5.7
Ice Magic      | 8 |  8.0
Charms         | 5 |  5.0
Summonings     | 8 9 |  9.0
Stealth        | |  1.5

Action                   |  1- 3 |  4- 6 |  7- 9 | 10-12 | 13-15 | 16-18 || total
-------------------------+-------+-------+-------+-------+-------+-------++-------
Melee: Dagger            |     2 |     7 |     2 |       |       |       ||    11
       Short sword       |       |    19 |    87 |       |       |       ||   106
       Spear             |       |       |   188 |   255 |   196 |   134 ||   773
Throw: Stone             |       |       |       |     1 |     4 |     3 ||     8
 Cast: Pain              |    65 |    66 |    92 |    69 |    58 |     1 ||   351
       Animate Skeleton  |     3 |       |     1 |       |       |       ||     4
       Vampiric Draining |       |    12 |    53 |    32 |   102 |     3 ||   202
       Animate Dead      |       |     2 |     8 |    21 |    32 |     4 ||    67
       Bolt of Draining  |       |       |     6 |   141 |   490 |   379 ||  1016
       Dispel Undead     |       |       |       |    18 |    14 |    11 ||    43
       Sublimation of Bl |       |       |       |     1 |    67 |    78 ||   146
       Regeneration      |       |       |       |       |    14 |    39 ||    53
       Simulacrum        |       |       |       |       |     6 |    42 ||    48
       Bolt of Cold      |       |       |       |       |       |    20 ||    20
       Summon Ice Beast  |       |       |       |       |       |    18 ||    18
       Blink             |       |       |       |       |       |    17 ||    17
Invok: Receive Corpses   |       |       |     3 |     4 |     6 |    14 ||    27
       Receive Necronomi |       |       |       |       |       |     1 ||     1
       Torment           |       |       |       |       |       |     1 ||     1
Evoke: Wand              |       |       |     2 |       |       |       ||     2
  Use: Scroll            |       |       |     3 |    19 |     7 |    18 ||    47
       Potion            |       |       |       |       |     1 |     6 ||     7
 Stab: Paralysed         |       |       |    13 |       |       |       ||    13
       Distracted        |       |       |       |       |     1 |       ||     1
  Eat: Chunk             |     3 |     4 |    14 |    17 |    40 |     9 ||    87
       Ration            |       |       |       |     4 |     2 |     7 ||    13
Armor: Skin              |     7 |    15 |    68 |    81 |    53 |    57 ||   281
Dodge: Dodged            |    13 |    66 |   196 |   367 |   259 |   295 ||  1196
Block: Other             |     3 |    19 |    80 |   130 |       |       ||   232
       Buckler           |       |       |       |    34 |   301 |   289 ||   624
